Penguins vs Lightning
(R1)
Created - May 9, 2021 at 21:47
Goals
|
Penguins |
3 |
1 |
0 |
1 |
5 |
Lightning |
1 |
2 |
1 |
0 |
4 |
|
Shots
|
Penguins |
13 |
4 |
7 |
1 |
25 |
Lightning |
12 |
6 |
8 |
0 |
26 |
|
1st period
1. Penguins , Teuvo Teravainen 22 (Jean-Gabriel Pageau 27, Keith Aulie 40) at 0:58
2. Penguins , Joe Colborne 12 (Steven Stamkos 70) at 1:16
3. Penguins , Jason Zucker 19 (Gilbert Brule 45, Cal Clutterbuck 16) at 2:59
4. Lightning , Mark Scheifele 37 (Ondrej Palat 15) at 8:58 (SH)
Penalties :
Joni Pitkanen (TB.) for Hooking (Minor) at 4:36, Shea Weber (Pit) for Roughing (Minor) at 5:14, Kyle Clifford (TB.) for Roughing (Minor) at 8:23, Michal Neuvirth (Pit) for Delaying the game (Minor) at 13:51 - Andrew Cogliano served the penalty, Rickard Rakell (TB.) for Interference (Minor) at 14:03
2nd period
5. Lightning , Alex Killorn 9 (Brian Flynn 12, Bobby Ryan 16) at 0:53
6. Lightning , Rickard Rakell 17 (Kyle Clifford 44, Mark Scheifele 65) at 14:34 (PP)
7. Penguins , Cal Clutterbuck 8 (Jason Zucker 20, Gilbert Brule 46) at 19:01 (PP)
Penalties :
Mark Scheifele (TB.) for Goalie Interference (Minor) at 3:21, Shea Weber (Pit) for Slashing (Minor) at 14:22, Steven Stamkos (Pit) for Roughing (Minor) at 14:41, Rickard Rakell (TB.) for Hooking (Minor) at 17:52
3rd period
8. Lightning , Stephen Weiss 11 (Sergei Shirokov 22, Ondrej Palat 16) at 16:34
Penalties :
Andrew Cogliano (Pit) for Holding (Minor) at 3:24, Alex Killorn (TB.) for Holding (Minor) at 6:11, Jason Zucker (Pit) for Hooking (Minor) at 8:58, Sam Gagner (TB.) for Diving (Minor) at 13:51
Overtime #1
9. Penguins , Andrew Cogliano 34 (Steven Stamkos 71, Shea Weber 30) at 0:59
Penalties :
No Penalty
Goalie Stats
Michal Neuvirth (Pit), 22 saves from 26 shots - (0.846), W, 41-23-7, 60:59 minutes
Philipp Grubauer (TB.), 20 saves from 25 shots - (0.800), OTL, 36-26-6, 60:59 minutes
Players Stats for Penguins
Player Name G A P +/- PIM S H SB GA TA FO MP PP MP PK MP
------------------------------------------------------------------------------------
Alexei Marchenko 0 0 0 1 0 0 0 0 0 0 0/0 10:04 0:00 0:12
Andrew Cogliano 1 0 1 1 2 2 5 0 0 0 0/2 20:44 5:32 1:54
Cal Clutterbuck 1 1 2 -1 0 1 1 2 0 1 0/0 15:05 4:23 0:00
Danny DeKeiser 0 0 0 1 0 0 0 0 0 0 0/0 11:10 0:00 0:25
Gilbert Brule 0 2 2 -1 0 2 2 1 1 2 4/11 22:02 4:23 3:54
Jake McCabe 0 0 0 1 0 0 0 0 0 0 0/0 3:29 0:00 0:00
Jason Zucker 1 1 2 -1 2 4 2 0 1 0 1/1 15:32 4:23 0:00
Jean-Gabriel Pageau 0 1 1 1 0 4 1 0 1 0 2/4 15:36 0:12 2:26
Jeff Schultz 0 0 0 0 0 1 1 1 0 2 0/0 31:06 7:12 4:15
Jeff Skinner 0 0 0 0 0 3 2 1 0 1 1/1 12:35 0:12 0:05
Jeff Tambellini 0 0 0 1 0 0 0 0 0 0 1/1 8:42 0:00 2:08
Joe Colborne 1 0 1 1 0 1 1 0 1 0 7/8 7:52 0:00 0:27
Keith Aulie 0 1 1 0 0 1 3 0 2 1 0/0 19:28 2:43 2:44
Nikita Kucherov 0 0 0 0 0 0 1 0 0 0 2/2 16:04 5:20 0:00
Sean Zimmerman 0 0 0 0 0 1 1 0 0 0 0/0 19:28 2:43 2:44
Shea Weber 0 1 1 -1 4 1 3 2 0 1 0/0 28:06 7:11 3:38
Steven Stamkos 0 2 2 1 2 3 2 0 1 1 16/39 26:33 5:20 3:04
Teuvo Teravainen 1 0 1 0 0 1 0 2 0 1 0/0 10:08 0:00 0:00
Players Stats for Lightning
Player Name G A P +/- PIM S H SB GA TA FO MP PP MP PK MP
------------------------------------------------------------------------------------
Alex Killorn 1 0 1 0 2 2 0 0 2 0 0/0 7:03 0:00 0:00
Alexander Wennberg 0 0 0 -3 0 2 0 0 0 0 5/9 15:23 3:25 0:00
Ben Lovejoy 0 0 0 0 0 1 1 2 0 0 0/0 18:09 0:33 4:08
Bobby Ryan 0 1 1 -3 0 3 2 1 0 0 0/0 18:52 3:25 2:10
Brent Seabrook 0 0 0 -1 0 0 2 1 1 0 0/0 31:05 4:08 5:47
Brian Flynn 0 1 1 0 0 2 0 0 0 0 1/4 8:14 0:00 0:36
Jesper Fast 0 0 0 0 0 0 2 0 0 0 0/0 8:00 0:00 0:02
Jon Merrill 0 0 0 -1 0 0 0 2 0 1 0/0 18:48 0:00 4:08
Joni Pitkanen 0 0 0 0 2 1 1 1 0 1 0/0 14:07 3:29 0:00
Justin Schultz 0 0 0 0 0 1 0 2 2 0 0/0 29:36 4:08 5:47
Kyle Clifford 0 1 1 0 2 2 1 0 0 2 1/3 22:22 3:34 4:54
Mark Scheifele 1 1 2 1 2 3 2 0 0 0 24/44 22:57 3:34 5:13
Ondrej Palat 0 2 2 2 0 0 0 0 0 0 1/1 11:19 0:00 1:39
Rickard Rakell 1 0 1 0 4 1 4 1 1 0 0/1 17:46 3:25 1:58
Sam Gagner 0 0 0 -2 2 5 1 0 2 0 0/0 12:47 2:47 0:23
Sergei Shirokov 0 1 1 1 0 1 0 0 1 1 0/0 9:24 0:08 0:00
Shayne Gostisbehere 0 0 0 0 0 1 1 0 1 1 0/0 11:45 2:18 0:00
Stephen Weiss 1 0 1 1 0 1 0 0 0 1 3/7 13:09 0:00 2:55
3 Stars
1 - Cal Clutterbuck (Pit)
2 - Andrew Cogliano (Pit)
3 - Mark Scheifele (TB.)
Power Play
Penguins - 1 on 7 Attempt(s) - 14.29%
Lightning - 1 on 6 Attempt(s) - 16.67%
Penalty Kill
Penguins - 5 on 6 Attempt(s) - 83.33%
- Score 0 goal in Penalty Kill
Lightning - 6 on 7 Attempt(s) - 85.71%
- Score 1 goal in Penalty Kill
Team Stat
Penguins - Hits : 25 - Faceoff Wins : 34 - Blocked Shots : 9 - Penalty Minutes : 12
Lightning - Hits : 17 - Faceoff Wins : 35 - Blocked Shots : 10 - Penalty Minutes : 14
Official
Referees : Unknown
Linesman : Unknown
Game Notes
17:19 of 1st period - Penguins goal is going for a video replay. After video review, No Goal. The puck has been kicked using a distinct kicking motion.
Finance
Level 1 -- Attendance: 4823 (80.38%) -- Ticket Income $554,645
Level 2 -- Attendance: 4740 (94.80%) -- Ticket Income $303,360
Level 3 -- Attendance: 1610 (80.50%) -- Ticket Income $70,840
Level 4 -- Attendance: 2467 (61.68%) -- Ticket Income $98,680
Luxury Box -- Attendance: 798 (79.80%) -- Ticket Income $171,570
Game was played at the Tampa Bay Stadium.
Total Attendance: 14438 (80.21%)
Total Ticket Income: $1,199,095
Other Income: $179,864
Total Income: $1,378,959
Penguins
5 vs 5 Forward
Center Left Wing Right Wing Time % Phy DF OF
1 Steven Stamkos Andrew Cogliano Nikita Kucherov 40 1 2 2
2 Gilbert Brule Jason Zucker Cal Clutterbuck 30 1 2 2
3 Jean-Gabriel Pageau Jeff Skinner Teuvo Teravainen 20 1 2 2
4 Joe Colborne Jeff Tambellini Steven Stamkos 10 1 2 2
5 vs 5 Defense
Defense Defense Time % Phy DF OF
1 Jeff Schultz Shea Weber 40 1 2 2
2 Sean Zimmerman Keith Aulie 30 1 2 2
3 Danny DeKeiser Alexei Marchenko 20 1 2 2
4 Jake McCabe Jeff Schultz 10 1 2 2
PowerPlay Forward
Center Left Wing Right Wing Time % Phy DF OF
1 Steven Stamkos Andrew Cogliano Nikita Kucherov 60 1 2 2
2 Gilbert Brule Jason Zucker Cal Clutterbuck 40 1 2 2
PowerPlay Defense
Defense Defense Time % Phy DF OF
1 Jeff Schultz Shea Weber 60 1 2 2
2 Sean Zimmerman Keith Aulie 40 1 2 2
Penalty Kill 4 Players Forward
Center Wing Time % Phy DF OF
1 Steven Stamkos Gilbert Brule 60 1 2 2
2 Andrew Cogliano Jean-Gabriel Pageau 40 1 2 2
Penalty Kill 4 Players Defense
Defense Defense Time % Phy DF OF
1 Jeff Schultz Shea Weber 60 1 2 2
2 Sean Zimmerman Keith Aulie 40 1 2 2
Penalty Kill - 3 Players Forward
Forward Time % Phy DF OF
1 Steven Stamkos 60 1 2 2
2 Gilbert Brule 40 1 2 2
Penalty Kill - 3 Players Defense
Defense Defense Time % Phy DF OF
1 Jeff Schultz Shea Weber 60 1 2 2
2 Sean Zimmerman Keith Aulie 40 1 2 2
4 vs 4 Forward
Center Wing Time % Phy DF OF
1 Steven Stamkos Gilbert Brule 60 1 2 2
2 Andrew Cogliano Jean-Gabriel Pageau 40 1 2 2
4 vs 4 Defense
Defense Defense Time % Phy DF OF
1 Jeff Schultz Shea Weber 60 1 2 2
2 Sean Zimmerman Keith Aulie 40 1 2 2
Last Minutes Offensive
Center Left Wing Right Wing Defense Defense
Steven Stamkos Andrew Cogliano Nikita Kucherov Jeff Schultz Shea Weber
Last Minutes Defensive
Center Left Wing Right Wing Defense Defense
Steven Stamkos Andrew Cogliano Nikita Kucherov Jeff Schultz Shea Weber
Goaltenders
Starting : Michal Neuvirth
Backup : Sergei Bobrovsky
Extra Forwards
Normal : Joe Colborne, Jeff Skinner, Jeff Tambellini - PP : Joe Colborne, Jeff Skinner - PK : Jeff Tambellini
Extra Defensemen
Normal : Danny DeKeiser, Alexei Marchenko, Jake McCabe - PP : Danny DeKeiser - PK : Alexei Marchenko, Jake McCabe
Penalty Shots
Steven Stamkos, Gilbert Brule, Andrew Cogliano, Jean-Gabriel Pageau, Nikita Kucherov
Scratches
Andreas Martinsen (Healthy), Marcus Foligno (Sprained Right Knee Injury), Marian Hossa (Healthy)
Lightning
5 vs 5 Forward
Center Left Wing Right Wing Time % Phy DF OF
1 Mark Scheifele Kyle Clifford Rickard Rakell 40 1 1 3
2 Alexander Wennberg Sam Gagner Bobby Ryan 30 1 1 3
3 Stephen Weiss Ondrej Palat Sergei Shirokov 20 1 2 2
4 Brian Flynn Alex Killorn Jesper Fast 10 1 2 2
5 vs 5 Defense
Defense Defense Time % Phy DF OF
1 Brent Seabrook Justin Schultz 40 1 2 2
2 Ben Lovejoy Jon Merrill 30 1 2 2
3 Joni Pitkanen Shayne Gostisbehere 20 1 2 2
4 Brent Seabrook Jon Merrill 10 1 2 2
PowerPlay Forward
Center Left Wing Right Wing Time % Phy DF OF
1 Mark Scheifele Kyle Clifford Rickard Rakell 60 0 1 4
2 Alexander Wennberg Sam Gagner Bobby Ryan 40 1 0 4
PowerPlay Defense
Defense Defense Time % Phy DF OF
1 Brent Seabrook Justin Schultz 60 1 1 3
2 Joni Pitkanen Shayne Gostisbehere 40 1 1 3
Penalty Kill 4 Players Forward
Center Wing Time % Phy DF OF
1 Mark Scheifele Kyle Clifford 60 1 3 1
2 Stephen Weiss Bobby Ryan 40 1 3 1
Penalty Kill 4 Players Defense
Defense Defense Time % Phy DF OF
1 Brent Seabrook Justin Schultz 60 1 2 2
2 Ben Lovejoy Jon Merrill 40 1 2 2
Penalty Kill - 3 Players Forward
Forward Time % Phy DF OF
1 Mark Scheifele 60 1 3 1
2 Bobby Ryan 40 1 3 1
Penalty Kill - 3 Players Defense
Defense Defense Time % Phy DF OF
1 Brent Seabrook Justin Schultz 60 1 2 2
2 Ben Lovejoy Jon Merrill 40 1 2 2
4 vs 4 Forward
Center Wing Time % Phy DF OF
1 Mark Scheifele Kyle Clifford 60 1 1 3
2 Alexander Wennberg Bobby Ryan 40 1 1 3
4 vs 4 Defense
Defense Defense Time % Phy DF OF
1 Brent Seabrook Justin Schultz 60 1 2 2
2 Ben Lovejoy Jon Merrill 40 1 2 2
Last Minutes Offensive
Center Left Wing Right Wing Defense Defense
Mark Scheifele Kyle Clifford Bobby Ryan Brent Seabrook Justin Schultz
Last Minutes Defensive
Center Left Wing Right Wing Defense Defense
Mark Scheifele Kyle Clifford Bobby Ryan Brent Seabrook Justin Schultz
Goaltenders
Starting : Philipp Grubauer
Backup : Jhonas Enroth
Extra Forwards
Normal : Jesper Fast, Brian Flynn, Rickard Rakell - PP : Sergei Shirokov, Brian Flynn - PK : Rickard Rakell
Extra Defensemen
Normal : Joni Pitkanen, Shayne Gostisbehere, Justin Schultz - PP : Joni Pitkanen - PK : Shayne Gostisbehere, Brent Seabrook
Penalty Shots
Kyle Clifford, Bobby Ryan, Mark Scheifele, Sergei Shirokov, Sam Gagner
Scratches
Kevin Marshall (Healthy), Spencer Machacek (Healthy)
% Time on Ice - Penguins
Lines # - Real PCT - Wanted PCT - Time Play
Normal Forward
1 - 28% - 40% - 11:19
2 - 32% - 30% - 12:54
3 - 24% - 20% - 9:42
4 - 15% - 10% - 6:03
Normal Defense
1 - 35% - 40% - 14:08
2 - 33% - 30% - 13:13
3 - 24% - 20% - 9:41
4 - 7% - 10% - 2:56
PP Forward
1 - 54% - 60% - 5:20
2 - 46% - 40% - 4:35
PP Defense
1 - 73% - 60% - 7:12
2 - 27% - 40% - 2:43
PK Forward
1 - 80% - 60% - 5:36
2 - 20% - 40% - 1:23
PK Defense
1 - 61% - 60% - 4:15
2 - 39% - 40% - 2:44
PK3 Forward
1 - 0% - 60%
2 - 0% - 40%
PK3 Defense
1 - 0% - 60%
2 - 0% - 40%
44 Forward
1 - 74% - 60% - 3:03
2 - 26% - 40% - 1:04
44 Defense
1 - 81% - 60% - 3:19
2 - 19% - 40% - 0:48
Last Minute Offensive - 0:00
Last Minute Defensive - 0:00
Total
Forward - 60:59
Defense - 60:59
|
% Time on Ice - Lightning
Lines # - Real PCT - Wanted PCT - Time Play
Normal Forward
1 - 30% - 40% - 11:48
2 - 30% - 30% - 11:53
3 - 23% - 20% - 9:14
4 - 18% - 10% - 7:03
Normal Defense
1 - 41% - 40% - 16:31
2 - 32% - 30% - 12:58
3 - 23% - 20% - 9:00
4 - 4% - 10% - 1:29
PP Forward
1 - 51% - 60% - 3:34
2 - 49% - 40% - 3:25
PP Defense
1 - 59% - 60% - 4:08
2 - 41% - 40% - 2:51
PK Forward
1 - 78% - 60% - 7:45
2 - 22% - 40% - 2:10
PK Defense
1 - 58% - 60% - 5:47
2 - 42% - 40% - 4:08
PK3 Forward
1 - 0% - 60%
2 - 0% - 40%
PK3 Defense
1 - 0% - 60%
2 - 0% - 40%
44 Forward
1 - 66% - 60% - 2:43
2 - 34% - 40% - 1:24
44 Defense
1 - 77% - 60% - 3:10
2 - 23% - 40% - 0:57
Last Minute Offensive - 0:00
Last Minute Defensive - 0:00
Total
Forward - 60:59
Defense - 60:59
|
Play-by-Play
1st period
0:01 of 1st period - Mark Scheifele wins face-off versus Steven Stamkos in neutral zone.
0:03 of 1st period - Off-side.
0:04 of 1st period - Mark Scheifele wins face-off versus Steven Stamkos in neutral zone.
0:37 of 1st period - Stephen Weiss is hit by Gilbert Brule and loses puck.
0:42 of 1st period - Snap shot by Gilbert Brule.
0:42 of 1st period - Deflect By Jason Zucker.
0:42 of 1st period - Stopped by Philipp Grubauer with a rebound.
0:52 of 1st period - Snap shot by Sam Gagner.
0:52 of 1st period - Stopped by Michal Neuvirth without a rebound.
0:53 of 1st period - Jean-Gabriel Pageau wins face-off versus Alexander Wennberg in Penguins zone.
0:58 of 1st period - Snap shot by Teuvo Teravainen.
0:58 of 1st period - Goal by Teuvo Teravainen - Penguins : 1 - Lightning : 0.
0:59 of 1st period - Joe Colborne wins face-off versus Brian Flynn in neutral zone.
1:14 of 1st period - Snap shot by Steven Stamkos.
1:14 of 1st period - Stopped by Philipp Grubauer with a rebound.
1:16 of 1st period - Snap shot by Joe Colborne.
1:16 of 1st period - Goal by Joe Colborne - Penguins : 2 - Lightning : 0.
1:17 of 1st period - Mark Scheifele wins face-off versus Steven Stamkos in neutral zone.
1:45 of 1st period - Snap shot by Jason Zucker.
1:45 of 1st period - Deflect By Ben Lovejoy.
1:45 of 1st period - Shot Hit the Post.
1:45 of 1st period - Puck is out of play.
1:46 of 1st period - Gilbert Brule wins face-off versus Alexander Wennberg in Lightning zone.
2:33 of 1st period - Snap shot by Gilbert Brule.
2:33 of 1st period - Shot Blocked by Brent Seabrook.
2:35 of 1st period - Backhand shot by Jake McCabe.
2:35 of 1st period - Shot Misses the Net.
2:37 of 1st period - Slapshot by Jeff Schultz.
2:37 of 1st period - Stopped by Philipp Grubauer with a rebound.
2:59 of 1st period - Snap shot by Jason Zucker.
2:59 of 1st period - Goal by Jason Zucker - Penguins : 3 - Lightning : 0.
3:00 of 1st period - Nikita Kucherov wins face-off versus Mark Scheifele in neutral zone.
3:03 of 1st period - Mark Scheifele is hit by Andrew Cogliano and loses puck.
4:24 of 1st period - Off-side.
4:25 of 1st period - Gilbert Brule wins face-off versus Stephen Weiss in neutral zone.
4:28 of 1st period - Shayne Gostisbehere is hit by Cal Clutterbuck and loses puck.
4:36 of 1st period - Minor Penalty to Joni Pitkanen for Hooking.
4:37 of 1st period - Mark Scheifele wins face-off versus Steven Stamkos in Lightning zone.
4:51 of 1st period - Wrist shot by Steven Stamkos.
4:51 of 1st period - Deflect By Andrew Cogliano.
4:51 of 1st period - Shot Misses the Net.
4:51 of 1st period - Puck is out of play.
4:52 of 1st period - Mark Scheifele wins face-off versus Steven Stamkos in Lightning zone.
4:52 of 1st period - Mark Scheifele is hit by Andrew Cogliano.
5:14 of 1st period - Minor Penalty to Shea Weber for Roughing.
5:15 of 1st period - Mark Scheifele wins face-off versus Steven Stamkos in Penguins zone.
5:59 of 1st period - Icing by Brent Seabrook.
6:00 of 1st period - Alexander Wennberg wins face-off versus Steven Stamkos in Lightning zone.
6:36 of 1st period - Penalty to Joni Pitkanen is over, Joni Pitkanen is back on ice.
6:53 of 1st period - Snap shot by Gilbert Brule.
6:53 of 1st period - Shot Misses the Net.
7:09 of 1st period - Wrist shot by Joni Pitkanen.
7:09 of 1st period - Shot Misses the Net.
7:14 of 1st period - Penalty to Shea Weber is over, Shea Weber is back on ice.
8:02 of 1st period - Slapshot by Joni Pitkanen.
8:02 of 1st period - Shot Hit the Post.
8:04 of 1st period - Wrist shot by Joni Pitkanen.
8:04 of 1st period - Stopped by Michal Neuvirth with a rebound.
8:06 of 1st period - Slapshot by Brent Seabrook.
8:06 of 1st period - Shot Misses the Net.
8:08 of 1st period - Slapshot by Justin Schultz.
8:08 of 1st period - Deflect By Bobby Ryan.
8:08 of 1st period - Shot Misses the Net.
8:08 of 1st period - Puck is out of play.
8:09 of 1st period - Joe Colborne wins face-off versus Kyle Clifford in Penguins zone.
8:09 of 1st period - Joe Colborne is hit by Rickard Rakell.
8:23 of 1st period - Minor Penalty to Kyle Clifford for Roughing.
8:24 of 1st period - Mark Scheifele wins face-off versus Gilbert Brule in Lightning zone.
8:37 of 1st period - Slapshot by Shea Weber.
8:37 of 1st period - Shot Misses the Net.
8:44 of 1st period - Icing by Gilbert Brule.
8:45 of 1st period - Mark Scheifele wins face-off versus Gilbert Brule in Penguins zone.
8:52 of 1st period - Slapshot by Ondrej Palat.
8:52 of 1st period - Shot Misses the Net.
8:58 of 1st period - Wrist shot by Mark Scheifele.
8:58 of 1st period - Goal by Mark Scheifele - Penguins : 3 - Lightning : 1.
8:59 of 1st period - Mark Scheifele wins face-off versus Steven Stamkos in neutral zone.
10:17 of 1st period - Rickard Rakell is hit by Shea Weber.
10:23 of 1st period - Penalty to Kyle Clifford is over, Kyle Clifford is back on ice.
10:31 of 1st period - Rickard Rakell is hit by Jeff Skinner and loses puck.
11:30 of 1st period - Brent Seabrook is hit by Jason Zucker and loses puck.
12:01 of 1st period - Wrist shot by Bobby Ryan.
12:01 of 1st period - Stopped by Michal Neuvirth with a rebound.
12:03 of 1st period - Snap shot by Alexander Wennberg.
12:03 of 1st period - Shot Blocked by Jeff Schultz.
12:05 of 1st period - Wrist shot by Brent Seabrook.
12:05 of 1st period - Shot Blocked by Cal Clutterbuck.
12:09 of 1st period - Snap shot by Sam Gagner.
12:09 of 1st period - Stopped by Michal Neuvirth with a rebound.
12:11 of 1st period - Slapshot by Justin Schultz.
12:11 of 1st period - Shot Misses the Net.
12:13 of 1st period - Wrist shot by Alexander Wennberg.
12:13 of 1st period - Shot Misses the Net.
12:17 of 1st period - Snap shot by Alexander Wennberg.
12:17 of 1st period - Stopped by Michal Neuvirth with a rebound.
12:19 of 1st period - Slapshot by Justin Schultz.
12:19 of 1st period - Deflect By Sam Gagner.
12:19 of 1st period - Shot Misses the Net.
12:19 of 1st period - Puck is out of play.
12:20 of 1st period - Mark Scheifele wins face-off versus Andrew Cogliano in Penguins zone.
13:18 of 1st period - Danny DeKeiser is hit by Jesper Fast and loses puck.
13:51 of 1st period - Slapshot by Sergei Shirokov.
13:51 of 1st period - Stopped by Michal Neuvirth without a rebound.
13:51 of 1st period - Minor Penalty to Michal Neuvirth for Delaying the game.
13:52 of 1st period - Mark Scheifele wins face-off versus Steven Stamkos in Penguins zone.
13:57 of 1st period - Snap shot by Kyle Clifford.
13:57 of 1st period - Stopped by Michal Neuvirth without a rebound.
13:58 of 1st period - Steven Stamkos wins face-off versus Mark Scheifele in Penguins zone.
13:58 of 1st period - Steven Stamkos is hit by Rickard Rakell.
14:03 of 1st period - Minor Penalty to Rickard Rakell for Interference.
14:04 of 1st period - Steven Stamkos wins face-off versus Mark Scheifele in Lightning zone.
14:10 of 1st period - Wrist shot by Gilbert Brule.
14:10 of 1st period - Stopped by Philipp Grubauer without a rebound.
14:11 of 1st period - Steven Stamkos wins face-off versus Mark Scheifele in Lightning zone.
14:12 of 1st period - Slapshot by Gilbert Brule.
14:12 of 1st period - Stopped by Philipp Grubauer with a rebound.
14:44 of 1st period - Justin Schultz is hit by Jeff Schultz and loses puck.
14:57 of 1st period - Snap shot by Gilbert Brule.
14:57 of 1st period - Shot Misses the Net.
15:03 of 1st period - Snap shot by Kyle Clifford.
15:03 of 1st period - Shot Misses the Net.
15:05 of 1st period - Snap shot by Justin Schultz.
15:05 of 1st period - Stopped by Michal Neuvirth without a rebound.
15:06 of 1st period - Alexander Wennberg wins face-off versus Joe Colborne in Penguins zone.
15:19 of 1st period - Snap shot by Alexander Wennberg.
15:19 of 1st period - Stopped by Michal Neuvirth with a rebound.
15:51 of 1st period - Penalty to Andrew Cogliano is over, Andrew Cogliano is back on ice.
16:03 of 1st period - Penalty to Rickard Rakell is over, Rickard Rakell is back on ice.
16:12 of 1st period - Wrist shot by Jean-Gabriel Pageau.
16:12 of 1st period - Stopped by Philipp Grubauer with a rebound.
16:14 of 1st period - Slapshot by Jean-Gabriel Pageau.
16:14 of 1st period - Shot Blocked by Rickard Rakell.
16:16 of 1st period - Snap shot by Jeff Schultz.
16:16 of 1st period - Shot Blocked by Bobby Ryan.
16:18 of 1st period - Slapshot by Shea Weber.
16:18 of 1st period - Shot Misses the Net.
16:32 of 1st period - Shea Weber is hit by Rickard Rakell and loses puck.
16:41 of 1st period - Backhand shot by Shea Weber.
16:41 of 1st period - Shot Blocked by Justin Schultz.
17:17 of 1st period - Slapshot by Jeff Skinner.
17:17 of 1st period - Stopped by Philipp Grubauer with a rebound.
17:19 of 1st period - Slapshot by Jean-Gabriel Pageau.
17:19 of 1st period - Penguins goal is going for a video replay.
17:19 of 1st period - The goal is refused. The puck has been kicked using a distinct kicking motion..
17:20 of 1st period - Joe Colborne wins face-off versus Brian Flynn in Lightning zone.
17:21 of 1st period - Slapshot by Steven Stamkos.
17:21 of 1st period - Shot Blocked by Ben Lovejoy.
17:23 of 1st period - Slapshot by Steven Stamkos.
17:23 of 1st period - Shot Misses the Net.
17:33 of 1st period - Slapshot by Jon Merrill.
17:33 of 1st period - Shot Misses the Net.
18:10 of 1st period - Off-side.
18:11 of 1st period - Mark Scheifele wins face-off versus Gilbert Brule in neutral zone.
18:22 of 1st period - Slapshot by Mark Scheifele.
18:22 of 1st period - Stopped by Michal Neuvirth without a rebound.
18:23 of 1st period - Joe Colborne wins face-off versus Brian Flynn in Penguins zone.
18:32 of 1st period - Slapshot by Brian Flynn.
18:32 of 1st period - Stopped by Michal Neuvirth with a rebound.
18:34 of 1st period - Wrist shot by Brian Flynn.
18:34 of 1st period - Shot Misses the Net.
18:36 of 1st period - Wrist shot by Jesper Fast.
18:36 of 1st period - Shot Misses the Net.
18:50 of 1st period - Gilbert Brule is hit by Mark Scheifele and loses puck.
19:00 of 1st period - Icing by Sean Zimmerman.
19:01 of 1st period - Stephen Weiss wins face-off versus Gilbert Brule in Penguins zone.
19:12 of 1st period - Snap shot by Keith Aulie.
19:12 of 1st period - Deflect By Jason Zucker.
19:12 of 1st period - Stopped by Philipp Grubauer without a rebound.
19:13 of 1st period - Steven Stamkos wins face-off versus Mark Scheifele in Lightning zone.
19:27 of 1st period - Snap shot by Nikita Kucherov.
19:27 of 1st period - Shot Misses the Net.
19:29 of 1st period - Slapshot by Shea Weber.
19:29 of 1st period - Deflect By Ben Lovejoy.
19:29 of 1st period - Stopped by Philipp Grubauer with a rebound.
Goals for this period are 3 for Penguins vs 1 for Lightning .
Shots for this period are 13 for Penguins vs 12 for Lightning .
2nd period
0:01 of 2nd period - Mark Scheifele wins face-off versus Steven Stamkos in neutral zone.
0:53 of 2nd period - Wrist shot by Alex Killorn.
0:53 of 2nd period - Goal by Alex Killorn - Penguins : 3 - Lightning : 2.
0:54 of 2nd period - Steven Stamkos wins face-off versus Mark Scheifele in neutral zone.
1:21 of 2nd period - Sean Zimmerman is hit by Joni Pitkanen and loses puck.
1:30 of 2nd period - Backhand shot by Bobby Ryan.
1:30 of 2nd period - Deflect By Sam Gagner.
1:30 of 2nd period - Stopped by Michal Neuvirth with a rebound.
1:44 of 2nd period - Sergei Shirokov is hit by Sean Zimmerman and loses puck.
1:55 of 2nd period - Snap shot by Jason Zucker.
1:55 of 2nd period - Shot Hit the Post.
2:51 of 2nd period - Snap shot by Keith Aulie.
2:51 of 2nd period - Stopped by Philipp Grubauer without a rebound.
2:52 of 2nd period - Joe Colborne wins face-off versus Alexander Wennberg in Lightning zone.
3:12 of 2nd period - Icing by Joe Colborne.
3:13 of 2nd period - Joe Colborne wins face-off versus Mark Scheifele in Penguins zone.
3:21 of 2nd period - Minor Penalty to Mark Scheifele for Goalie Interference.
3:22 of 2nd period - Steven Stamkos wins face-off versus Rickard Rakell in Lightning zone.
3:48 of 2nd period - Brent Seabrook is hit by Jason Zucker and loses puck.
4:01 of 2nd period - Kyle Clifford is hit by Gilbert Brule and loses puck.
4:16 of 2nd period - Ben Lovejoy is hit by Nikita Kucherov and loses puck.
4:39 of 2nd period - Steven Stamkos is hit by Brent Seabrook and loses puck.
5:12 of 2nd period - Keith Aulie is hit by Sam Gagner and loses puck.
5:21 of 2nd period - Penalty to Mark Scheifele is over, Mark Scheifele is back on ice.
5:27 of 2nd period - Wrist shot by Jeff Skinner.
5:27 of 2nd period - Shot Blocked by Jon Merrill.
5:51 of 2nd period - Wrist shot by Joe Colborne.
5:51 of 2nd period - Shot Misses the Net.
6:35 of 2nd period - Cal Clutterbuck is hit by Jesper Fast.
6:41 of 2nd period - Slapshot by Brent Seabrook.
6:41 of 2nd period - Shot Blocked by Cal Clutterbuck.
9:39 of 2nd period - Alexei Marchenko is hit by Mark Scheifele and loses puck.
10:06 of 2nd period - Brent Seabrook is hit by Shea Weber and loses puck.
10:25 of 2nd period - Ondrej Palat is hit by Shea Weber and loses puck.
10:38 of 2nd period - Slapshot by Mark Scheifele.
10:38 of 2nd period - Shot Blocked by Jeff Skinner.
10:40 of 2nd period - Wrist shot by Kyle Clifford.
10:40 of 2nd period - Stopped by Michal Neuvirth without a rebound.
10:41 of 2nd period - Mark Scheifele wins face-off versus Jean-Gabriel Pageau in Penguins zone.
10:44 of 2nd period - Backhand shot by Mark Scheifele.
10:44 of 2nd period - Stopped by Michal Neuvirth with a rebound.
12:13 of 2nd period - Steven Stamkos is hit by Brent Seabrook and loses puck.
12:45 of 2nd period - Snap shot by Kyle Clifford.
12:45 of 2nd period - Shot Blocked by Gilbert Brule.
13:14 of 2nd period - Wrist shot by Sam Gagner.
13:14 of 2nd period - Shot Misses the Net.
13:34 of 2nd period - Snap shot by Alex Killorn.
13:34 of 2nd period - Stopped by Michal Neuvirth with a rebound.
13:45 of 2nd period - Icing by Alexei Marchenko.
13:46 of 2nd period - Stephen Weiss wins face-off versus Gilbert Brule in Penguins zone.
13:53 of 2nd period - Snap shot by Jason Zucker.
13:53 of 2nd period - Stopped by Philipp Grubauer with a rebound.
14:00 of 2nd period - Off-side.
14:01 of 2nd period - Nikita Kucherov wins face-off versus Mark Scheifele in neutral zone.
14:04 of 2nd period - Wrist shot by Andrew Cogliano.
14:04 of 2nd period - Shot Misses the Net.
14:16 of 2nd period - Snap shot by Mark Scheifele.
14:16 of 2nd period - Shot Misses the Net.
14:22 of 2nd period - Minor Penalty to Shea Weber for Slashing.
14:23 of 2nd period - Mark Scheifele wins face-off versus Steven Stamkos in Penguins zone.
14:34 of 2nd period - Slapshot by Rickard Rakell.
14:34 of 2nd period - Goal by Rickard Rakell - Penguins : 3 - Lightning : 3.
14:35 of 2nd period - Steven Stamkos wins face-off versus Mark Scheifele in neutral zone.
14:41 of 2nd period - Minor Penalty to Steven Stamkos for Roughing.
14:42 of 2nd period - Jeff Tambellini wins face-off versus Mark Scheifele in Penguins zone.
14:52 of 2nd period - Snap shot by Kyle Clifford.
14:52 of 2nd period - Shot Blocked by Shea Weber.
15:39 of 2nd period - Joni Pitkanen is hit by Andrew Cogliano and loses puck.
16:34 of 2nd period - Alexander Wennberg is hit by Joe Colborne and loses puck.
16:41 of 2nd period - Penalty to Steven Stamkos is over, Steven Stamkos is back on ice.
16:51 of 2nd period - Wrist shot by Steven Stamkos.
16:51 of 2nd period - Shot Misses the Net.
16:59 of 2nd period - Wrist shot by Steven Stamkos.
16:59 of 2nd period - Stopped by Philipp Grubauer without a rebound.
17:00 of 2nd period - Brian Flynn wins face-off versus Steven Stamkos in Lightning zone.
17:05 of 2nd period - Brian Flynn is hit by Andrew Cogliano and loses puck.
17:52 of 2nd period - Minor Penalty to Rickard Rakell for Hooking.
17:53 of 2nd period - Mark Scheifele wins face-off versus Steven Stamkos in Lightning zone.
18:01 of 2nd period - Off-side.
18:02 of 2nd period - Mark Scheifele wins face-off versus Steven Stamkos in neutral zone.
18:04 of 2nd period - Off-side.
18:05 of 2nd period - Steven Stamkos wins face-off versus Mark Scheifele in neutral zone.
18:08 of 2nd period - Kyle Clifford is hit by Andrew Cogliano and loses puck.
18:24 of 2nd period - Off-side.
18:25 of 2nd period - Jason Zucker wins face-off versus Mark Scheifele in neutral zone.
18:29 of 2nd period - Off-side.
18:30 of 2nd period - Gilbert Brule wins face-off versus Kyle Clifford in neutral zone.
18:59 of 2nd period - Slapshot by Gilbert Brule.
18:59 of 2nd period - Shot Blocked by Justin Schultz.
19:01 of 2nd period - Slapshot by Jason Zucker.
19:01 of 2nd period - Deflect By Cal Clutterbuck.
19:01 of 2nd period - Goal by Cal Clutterbuck - Penguins : 4 - Lightning : 3.
19:02 of 2nd period - Steven Stamkos wins face-off versus Mark Scheifele in neutral zone.
19:29 of 2nd period - Alexander Wennberg is hit by Jeff Skinner and loses puck.
19:33 of 2nd period - Icing by Justin Schultz.
19:34 of 2nd period - Jeff Skinner wins face-off versus Alexander Wennberg in Lightning zone.
19:54 of 2nd period - Off-side.
19:55 of 2nd period - Mark Scheifele wins face-off versus Andrew Cogliano in neutral zone.
Goals for this period are 1 for Penguins vs 2 for Lightning .
Shots for this period are 4 for Penguins vs 6 for Lightning .
3rd period
0:01 of 3rd period - Steven Stamkos wins face-off versus Mark Scheifele in neutral zone.
1:36 of 3rd period - Wrist shot by Jean-Gabriel Pageau.
1:36 of 3rd period - Stopped by Philipp Grubauer with a rebound.
1:50 of 3rd period - Keith Aulie is hit by Bobby Ryan and loses puck.
2:43 of 3rd period - Slapshot by Shayne Gostisbehere.
2:43 of 3rd period - Deflect By Keith Aulie.
2:43 of 3rd period - Stopped by Michal Neuvirth with a rebound.
3:24 of 3rd period - Minor Penalty to Andrew Cogliano for Holding.
3:25 of 3rd period - Mark Scheifele wins face-off versus Steven Stamkos in Penguins zone.
3:27 of 3rd period - Slapshot by Mark Scheifele.
3:27 of 3rd period - Deflect By Kyle Clifford.
3:27 of 3rd period - Shot Blocked by Shea Weber.
3:27 of 3rd period - Puck is out of play.
3:28 of 3rd period - Steven Stamkos wins face-off versus Mark Scheifele in Penguins zone.
3:28 of 3rd period - Steven Stamkos is hit by Kyle Clifford.
4:08 of 3rd period - Brent Seabrook is hit by Keith Aulie and loses puck.
4:23 of 3rd period - Mark Scheifele is hit by Jean-Gabriel Pageau and loses puck.
5:24 of 3rd period - Penalty to Andrew Cogliano is over, Andrew Cogliano is back on ice.
5:30 of 3rd period - Backhand shot by Joe Colborne.
5:30 of 3rd period - Shot Blocked by Joni Pitkanen.
5:36 of 3rd period - Snap shot by Andrew Cogliano.
5:36 of 3rd period - Stopped by Philipp Grubauer with a rebound.
5:38 of 3rd period - Snap shot by Jeff Skinner.
5:38 of 3rd period - Stopped by Philipp Grubauer with a rebound.
5:40 of 3rd period - Slapshot by Jeff Schultz.
5:40 of 3rd period - Deflect By Joe Colborne.
5:40 of 3rd period - Shot Misses the Net.
5:40 of 3rd period - Puck is out of play.
5:41 of 3rd period - Ondrej Palat wins face-off versus Steven Stamkos in Lightning zone.
6:11 of 3rd period - Minor Penalty to Alex Killorn for Holding.
6:12 of 3rd period - Mark Scheifele wins face-off versus Steven Stamkos in Lightning zone.
6:40 of 3rd period - Off-side.
6:41 of 3rd period - Steven Stamkos wins face-off versus Stephen Weiss in neutral zone.
7:42 of 3rd period - Icing by Shea Weber.
7:43 of 3rd period - Gilbert Brule wins face-off versus Mark Scheifele in Penguins zone.
7:48 of 3rd period - Mark Scheifele is hit by Steven Stamkos and loses puck.
8:11 of 3rd period - Penalty to Alex Killorn is over, Alex Killorn is back on ice.
8:11 of 3rd period - Wrist shot by Bobby Ryan.
8:11 of 3rd period - Stopped by Michal Neuvirth without a rebound.
8:12 of 3rd period - Alexander Wennberg wins face-off versus Steven Stamkos in Penguins zone.
8:15 of 3rd period - Snap shot by Sam Gagner.
8:15 of 3rd period - Stopped by Michal Neuvirth without a rebound.
8:16 of 3rd period - Alexander Wennberg wins face-off versus Steven Stamkos in Penguins zone.
8:19 of 3rd period - Wrist shot by Sam Gagner.
8:19 of 3rd period - Stopped by Michal Neuvirth without a rebound.
8:20 of 3rd period - Alexander Wennberg wins face-off versus Steven Stamkos in Penguins zone.
8:49 of 3rd period - Snap shot by Bobby Ryan.
8:49 of 3rd period - Shot Misses the Net.
8:51 of 3rd period - Slapshot by Brent Seabrook.
8:51 of 3rd period - Deflect By Alexander Wennberg.
8:51 of 3rd period - Shot Misses the Net.
8:51 of 3rd period - Puck is out of play.
8:52 of 3rd period - Mark Scheifele wins face-off versus Gilbert Brule in Penguins zone.
8:58 of 3rd period - Minor Penalty to Jason Zucker for Hooking.
8:59 of 3rd period - Kyle Clifford wins face-off versus Steven Stamkos in Penguins zone.
9:35 of 3rd period - Wrist shot by Bobby Ryan.
9:35 of 3rd period - Stopped by Michal Neuvirth without a rebound.
9:36 of 3rd period - Steven Stamkos wins face-off versus Mark Scheifele in Penguins zone.
10:23 of 3rd period - Slapshot by Jean-Gabriel Pageau.
10:23 of 3rd period - Shot Misses the Net.
10:57 of 3rd period - Jeff Schultz is hit by Rickard Rakell and loses puck.
10:58 of 3rd period - Penalty to Jason Zucker is over, Jason Zucker is back on ice.
11:16 of 3rd period - Jeff Tambellini is hit by Shayne Gostisbehere and loses puck.
11:51 of 3rd period - Gilbert Brule is hit by Bobby Ryan.
12:43 of 3rd period - Slapshot by Sergei Shirokov.
12:43 of 3rd period - Shot Misses the Net.
12:58 of 3rd period - Bobby Ryan is hit by Keith Aulie and loses puck.
13:16 of 3rd period - Keith Aulie is hit by Ben Lovejoy and loses puck.
13:51 of 3rd period - Minor Penalty to Sam Gagner for Diving.
13:52 of 3rd period - Steven Stamkos wins face-off versus Mark Scheifele in Lightning zone.
14:02 of 3rd period - Off-side.
14:03 of 3rd period - Mark Scheifele wins face-off versus Steven Stamkos in neutral zone.
15:03 of 3rd period - Wrist shot by Ben Lovejoy.
15:03 of 3rd period - Stopped by Michal Neuvirth with a rebound.
15:09 of 3rd period - Jon Merrill is hit by Keith Aulie and loses puck.
15:51 of 3rd period - Penalty to Sam Gagner is over, Sam Gagner is back on ice.
16:18 of 3rd period - Snap shot by Brian Flynn.
16:18 of 3rd period - Stopped by Michal Neuvirth without a rebound.
16:19 of 3rd period - Stephen Weiss wins face-off versus Jean-Gabriel Pageau in Penguins zone.
16:26 of 3rd period - Wrist shot by Stephen Weiss.
16:26 of 3rd period - Shot Blocked by Teuvo Teravainen.
16:28 of 3rd period - Snap shot by Ondrej Palat.
16:28 of 3rd period - Shot Misses the Net.
16:30 of 3rd period - Wrist shot by Ondrej Palat.
16:30 of 3rd period - Shot Misses the Net.
16:32 of 3rd period - Wrist shot by Sergei Shirokov.
16:32 of 3rd period - Shot Blocked by Teuvo Teravainen.
16:34 of 3rd period - Wrist shot by Stephen Weiss.
16:34 of 3rd period - Goal by Stephen Weiss - Penguins : 4 - Lightning : 4.
16:35 of 3rd period - Jean-Gabriel Pageau wins face-off versus Stephen Weiss in neutral zone.
17:12 of 3rd period - Wrist shot by Nikita Kucherov.
17:12 of 3rd period - Shot Misses the Net.
17:14 of 3rd period - Wrist shot by Steven Stamkos.
17:14 of 3rd period - Stopped by Philipp Grubauer without a rebound.
17:15 of 3rd period - Steven Stamkos wins face-off versus Mark Scheifele in Lightning zone.
17:18 of 3rd period - Slapshot by Nikita Kucherov.
17:18 of 3rd period - Shot Blocked by Ben Lovejoy.
17:29 of 3rd period - Jon Merrill is hit by Steven Stamkos and loses puck.
17:44 of 3rd period - Wrist shot by Jean-Gabriel Pageau.
17:44 of 3rd period - Stopped by Philipp Grubauer with a rebound.
17:46 of 3rd period - Wrist shot by Jeff Skinner.
17:46 of 3rd period - Shot Misses the Net.
17:58 of 3rd period - Snap shot by Cal Clutterbuck.
17:58 of 3rd period - Shot Misses the Net.
18:00 of 3rd period - Slapshot by Keith Aulie.
18:00 of 3rd period - Shot Misses the Net.
18:02 of 3rd period - Slapshot by Sean Zimmerman.
18:02 of 3rd period - Stopped by Philipp Grubauer with a rebound.
19:12 of 3rd period - Icing by Justin Schultz.
19:13 of 3rd period - Mark Scheifele wins face-off versus Gilbert Brule in Lightning zone.
19:38 of 3rd period - Slapshot by Jeff Skinner.
19:38 of 3rd period - Stopped by Philipp Grubauer without a rebound.
19:39 of 3rd period - Joe Colborne wins face-off versus Stephen Weiss in Lightning zone.
Goals for this period are 0 for Penguins vs 1 for Lightning .
Shots for this period are 7 for Penguins vs 8 for Lightning .
Overtime #1
0:01 of 1st overtime period - Steven Stamkos wins face-off versus Mark Scheifele in neutral zone.
0:17 of 1st overtime period - Icing by Justin Schultz.
0:18 of 1st overtime period - Mark Scheifele wins face-off versus Steven Stamkos in Lightning zone.
0:57 of 1st overtime period - Snap shot by Andrew Cogliano.
0:57 of 1st overtime period - Shot Blocked by Jon Merrill.
0:59 of 1st overtime period - Snap shot by Andrew Cogliano.
0:59 of 1st overtime period - Goal by Andrew Cogliano - Penguins : 5 - Lightning : 4.
Goals for this period are 1 for Penguins vs 0 for Lightning .
Shots for this period are 1 for Penguins vs 0 for Lightning .